 Dungeon Crawl Stone Soup version 0.31-a0-675-g238779eb0a (webtiles) character file.

Game seed: 17939204242541605501

21 lunkers the Insei (level 3, -1/42 HPs)
             Began as a Meteoran Shapeshifter on Sept 5, 2023.
             Frozen to death by an endoplasm (4 damage)
             ... on level 1 of the Dungeon.
             The game lasted 00:00:55 (197 turns).

lunkers the Insei (Meteoran Shapeshifter)            Turns: 197, Time: 00:00:56

Health: -1/42      AC: 21    Str: 15    XL:     3   Next: 17%
Magic:  4/4        EV:  2    Int: 12    God:
Gold:   33         SH:  0    Dex: 15    Spells: 2/2 levels left

rFire   . .          .
                       - Unarmed
rCold   . . .        (no shield)
rNeg    . . .        a - melded +0 animal skin
rPois   +            (helmet currently unavailable)
rElec   .            (cloak currently unavailable)
rCorr   .            (gloves currently unavailable)
SInv    .            (boots currently unavailable)
Will    .....        (no amulet)
Stlth   +            (no ring)
HPRegen 0.27/turn    (no ring)
MPRegen 0.09/turn

%: no passive effects
@: tree-form, glowing
A: stationary, stasis, torment immunity, boosted hp, sense surroundings 1,
otherworldly, glowing, explore regen
a: no special abilities


You were on level 1 of the Dungeon.
You were a tree.
You visited 1 branch of the dungeon, and saw 1 of its levels.

You collected 33 gold pieces.

Inventory:

Armour
 a - a +0 animal skin (melded)
Jewellery
 g - an amulet of the acrobat
Talismans
 c - a beast talisman
 d - a flux talisman
Scrolls
 e - 3 scrolls of teleportation {unknown}
 f - 2 scrolls of fear {unknown}


   Skills:
 - Level 1.1 Fighting
 - Level 2.1 Dodging
 * Level 4.4 Unarmed Combat
 + Level 4.0 Shapeshifting


You had 2 spell levels left.
You didn't know any spells.
Your spell library was empty.

Dungeon Overview and Level Annotations

Branches:
Dungeon (1/15) Zot: 405

Altars:


Innate Abilities, Weirdness & Mutations

You are a tree.
Your roots penetrate the ground, keeping you stationary.
You cannot be teleported.
You are immune to unholy pain and torment.
Your maximum health is greatly increased.
Your equipment is partially melded.
You passively map a small area around you.
You are easily found by Zot.
You glow in the dark.
You regain HP and MP as you explore.


Message History

You hit the goblin but do no damage. You punch the goblin.
You kill the goblin!
* * * LOW HITPOINT WARNING * * *
You feel very sick.
Your transformation has ended.
You turn into a tree.
Your +0 animal skin melds into your body.
Your roots penetrate the ground.
* * * LOW HITPOINT WARNING * * *
You feel very sick.
Unknown command.
You start resting.
You feel sick. x2
A goblin comes into view. It is wielding a +0 dagger.
Unknown command.
A goblin is nearby!
Unknown command.
You feel sick.
The goblin shouts!
You feel sick.
You feel sick.
You feel sick.
Unknown command.
You feel sick. The goblin hits you but does no damage.
Unknown command.
You completely miss the goblin.
You feel sick. The goblin hits you with a +0 dagger.
* * * LOW HITPOINT WARNING * * *
You barely miss the goblin.
* * * LOW HITPOINT WARNING * * *
You feel sick.
You are no longer poisoned.
An endoplasm comes into view.
The goblin hits you but does no damage.
The endoplasm quivers.
You hit the goblin.
You kill the goblin!
You cannot move.
The endoplasm freezes you.
You are frozen.
You die...

, .....###...#...#
* ,
#...#..*..#..#.#
#.#g..###...#.# , ,
,#...#...#..#.#
#..#.....#.#.# # ,
###........#.#.# *
#..#.....#.#.#.# *
, #...#J..#..#...#
,, ,
#.#.)♣###......##
*, *
#...#†.#..#......#
* #..
..###...#.##..# , #
....#..#....##..# *
# , #....
#...#...##..####.#
, .#..!
.#....(...........
, * ..#.
,..#..............#
, ,....,
.............###
##.#######.#.#


You could see an endoplasm.

Vanquished Creatures
  A dart slug (D:1)
  A ball python (D:1)
  An endoplasm (D:1)
  6 goblins (D:1)
  A hobgoblin (D:1)
  A jackal (D:1)
  A bat (D:1)
  A kobold (D:1)
  5 rats (D:1)
18 creatures vanquished.

Notes
Turn   | Place    | Note
-------+----------+-------------------------------------------
     0 | D:1      | lunkers the Meteoran Shapeshifter began the quest for the
                  | Orb.
     0 | D:1      | Reached XP level 1. HP: 16/16 MP: 2/2
    55 | D:1      | Reached XP level 2. HP: 23/23 MP: 3/3
   176 | D:1      | Reached XP level 3. HP: 26/28 MP: 4/4
   190 | D:1      | HP: 2/42 [goblin/+0 dagger (2)]
   197 | D:1      | Frozen to death by an endoplasm

Illustrated notes

Levels and vault maps discovered:
D:1:      heliophobic_arrival_henge, layout_loops_ring, minmay_splitting_lines,
          minmay_surrounded

Skill      XL: |  1  2  3 |
---------------+----------+-----
Unarmed Combat | 4 |  4.4
Shapeshifting  | 4 |  4.0
Fighting       | |  1.1
Dodging        | |  2.1

Action                     || total
---------------------------++-------
  Melee: Unarmed           ||    38
         Punch             ||     2
    Use: Potion            ||     1
 Armour: Animal skin       ||    20
         Skin              ||     3
  Dodge: Dodged            ||    16

Table legend: (Time is in decaauts)
 A = Elapsed time spent in this place.
 B = Non-inter-level travel time spent in this place.
 C = Inter-level travel time spent in this place.
 D = Time resting spent in this place.
 E = Time spent auto-exploring this place.
 F = Levels seen in this place.
 G = Mean time per level.
                   A        B        C        D        E       F      G
               +--------+--------+--------+--------+--------+-----+--------+
         Total |    193 |    193 |      0 |      2 |    111 |   1 |  193.0 |
       Dungeon |    193 |    193 |      0 |      2 |    111 |   1 |  193.0 |
               +--------+--------+--------+--------+--------+-----+--------+

Top non-repeatable levels by time:
     D:1: 193 daAuts
